AoeStats
← maize

Four Lakes

507464832Analyzed
1v1 RM · 13d ago on Sep 18, 2026· 32m 40s· 2 players
Game mode
Random Map
Map size
Tiny (2 player)
Population
200
Speed
Normal
Resources
Standard
Victory
Conquest
Starting age
Dark Age
Ending age
Imperial Age
RankedLock teamsTeams togetherTeam positionsShared explorationLock speedFull tech treeHidden civsTurbo modeCheats
Victory
Defeat
🇭🇰 Slavs · Hong Kong SAR China
1046
+17
🇺🇸 Inca · United States
1061
-17
LaKurt
7:39 Loom
10:13 Feudal Age
10:49 Double-Bit Axe
11:26 Man-at-Arms
16:29 Wheelbarrow
19:47 Castle Age
17:54 Scale Barding Armor
21:07 Chain Barding Armor
21:40 Husbandry
22:58 Bloodlines
23:49 Forging
27:18 Light Cavalry
maize
8:20 Loom
10:46 Feudal Age
13:07 Double-Bit Axe
18:24 Castle Age
17:24 Fletching
19:38 Crossbowman
21:03 Padded Archer Armor
31:30 Bodkin Arrow
Connection lost

Rejoining the realm…

Still unreachable

The connection could not be restored.

Session expired

The server has moved on; the page needs a fresh start.